 Dungeon Crawl Stone Soup version 0.25-a0-504-g768f60da87 (webtiles) character file.

Game seed: 11590772364532608293, levelgen mode: deterministic

522 Bonecrusher the Ducker (level 7, -6/37 HPs)
             Began as a Spriggan Abyssal Knight on Feb 14, 2020.
             Was a Follower of Lugonu.
             Shot with an arrow by a centaur (9 damage)
             ... on level 6 of the Dungeon.
             The game lasted 00:23:36 (3639 turns).

Bonecrusher the Ducker (Spriggan Abyssal Knight)    Turns: 3639, Time: 00:23:37

Health: -6/37      AC:  3    Str:  7 (8)  XL:     7   Next: 2%
Magic:  10/10      EV: 22    Int: 12 (14) God:    Lugonu [*.....]
Gold:   85         SH:  0    Dex: 14 (17) Spells: 6/6 levels left

rFire    x . .     SeeInvis +   j - +0 dagger (speed)
rCold    + . .     Gourm    .   (shield restricted)
rNeg     . . .     Faith    .   b - +1 robe
rPois    .         Spirit   .   (helmet restricted)
rElec    .         Reflect  .   (no cloak)
rCorr    .         Harm     .   (gloves unavailable)
MR       +....                  (boots unavailable)
Stlth    +++.......             (no amulet)
HPRegen  0.12/turn              e - ring of ice
MPRegen  0.12/turn              (no ring)

@: very quick
A: very small, unfitting armour, see invisible, herbivore, speed 3, slow
metabolism 2
a: Depart the Abyss, Renounce Religion


You were on level 6 of the Dungeon.
You worshipped Lugonu.
Lugonu was aware of your devotion.
You were very hungry.

You visited 1 branch of the dungeon, and saw 7 of its levels.
You visited the Abyss 1 time.

You collected 85 gold pieces.

Inventory:

Hand Weapons
 f - a +0 dagger
 j - a +0 dagger of speed (weapon)
Missiles
 a - a curare-tipped dart
 d - 18 poisoned darts (quivered)
Armour
 b - a +1 robe (worn)
Jewellery
 e - a ring of ice (left hand)
Wands
 n - a wand of scattershot (5)
 p - a wand of flame (14)
Scrolls
 m - a scroll of remove curse
Potions
 h - a potion of resistance
Comestibles
 c - 7 rations


   Skills:
 - Level 4.0 Fighting
 + Level 3.0 Short Blades
 + Level 7.3 Dodging
 + Level 4.1 Stealth
 + Level 3.2 Invocations


You had 6 spell levels left.
You didn't know any spells.
Your spell library was empty.

Dungeon Overview and Level Annotations

Branches:
Dungeon (7/15)
 Temple: D:4-7

Altars:
Ashenzari
Trog
Yredelemnul


Innate Abilities, Weirdness & Mutations

You are very small and have problems with some larger weapons.
You are too small for most types of armour.
You have supernaturally acute eyesight. (SInv)
You are a herbivore.
You cover ground extremely quickly.
You need to consume almost no food.


Message History

You hit the centaur.
The centaur is moderately wounded.
Okay, then.
Okay, then.
You hit the centaur but do no damage.
The centaur is moderately wounded.
The centaur closely misses you.
You hit the centaur but do no damage.
The centaur is moderately wounded.
The centaur hits you!
* * * LOW HITPOINT WARNING * * *
You hit the centaur but do no damage.
The centaur is moderately wounded.
The centaur completely misses you.
You hit the centaur.
The centaur is moderately wounded.
The centaur closely misses you.
The centaur wields a +0 shortbow.
The centaur shoots an arrow.
The arrow hits you!
You die...

.######..# #.#.#................
.#.......# #......##############
.##.#....######.#.............#
....#.........#.#.......#####)###
.................................
...................#.##.#####.###
#######..........#...##.# #.#
#...#######.........###.# #.#
#.#....# #.####@...###.#####.#
#.#....# #.#.c...............#
#.#....####.#o####.####.#########
.......'.........................
#.#....####.#.###################
#...........#.# ###.#########(#
....# #.# ##### #(#


You could see a centaur and an orc.

Vanquished Creatures
  An ogre (D:6)
  3 bullfrogs (D:6)
  2 scorpions (D:6)
  A crimson imp (D:6)
  2 orc priests (D:6)
  An adder (D:6)
  5 leopard geckos
  8 orcs
  2 ball pythons (D:1)
  4 giant cockroaches
  3 goblins
  2 quokkas (D:3)
  4 bats (D:3)
  A frilled lizard (D:3)
  A jackal skeleton (D:5)
  2 rats (D:3)
42 creatures vanquished.

Vanquished Creatures (others)
  A wizard (D:3)
  An orc wizard (D:6)
2 creatures vanquished.

Grand Total: 44 creatures vanquished

Notes
Turn   | Place    | Note
-------+----------+-------------------------------------------
     0 | Abyss:1  | Bonecrusher the Spriggan Abyssal Knight began the quest for
                  | the Orb.
     0 | Abyss:1  | Reached XP level 1. HP: 11/11 MP: 3/3
    44 | Abyss:1  | Noticed a frost giant zombie
    47 | Abyss:1  | Noticed a deep elf sorcerer
    52 | Abyss:1  | Noticed a ynoxinul
    56 | D:1      | Escaped the Abyss
   291 | D:3      | Reached skill level 4 in Dodging
   291 | D:3      | Reached XP level 2. HP: 15/16 MP: 4/4
   386 | D:3      | Reached * piety under Lugonu
   628 | D:4      | Noticed a wight
   628 | D:4      | Noticed a wight
   628 | D:4      | Noticed a wight
   982 | D:4      | Noticed an ogre
  1233 | D:3      | Found a bloodstained altar of Trog.
  1249 | D:3      | Noticed a wizard
  1253 | D:3      | Killed a wizard
  1445 | D:5      | Entered Level 5 of the Dungeon
  1615 | D:6      | Noticed a bullfrog
  1753 | D:5      | Found a shattered altar of Ashenzari.
  1774 | D:6      | Noticed an ogre
  1801 | D:6      | Killed an ogre
  1801 | D:6      | Reached skill level 5 in Dodging
  1801 | D:6      | Reached XP level 3. HP: 20/20 MP: 5/5
  1801 | D:6      | Reached XP level 4. HP: 24/24 MP: 6/6
  1819 | D:5      | Found a basalt altar of Yredelemnul.
  1851 | D:7      | Noticed a bullfrog
  1884 | D:6      | Reached skill level 6 in Dodging
  1885 | D:6      | Noticed a bullfrog
  1887 | D:6      | Reached XP level 5. HP: 12/29 MP: 7/7
  1987 | D:6      | Reached skill level 1 in Stealth
  2218 | D:6      | Reached XP level 6. HP: 20/33 MP: 8/8
  2720 | D:6      | Reached skill level 7 in Dodging
  3214 | D:6      | Reached XP level 7. HP: 13/37 MP: 10/10
  3639 | D:6      | Shot with an arrow by a centaur

Levels and vault maps discovered:
D:1:      scummos_arrival_simple_fountains, layout_basic,
          chequers_serial_rivers_micro_e, minmay_pentomino_q2
D:2:      layout_basic, old_standard_altar
D:3:      layout_loops_ring, first_ration, trog_wizard
D:4:      layout_rooms
D:5:      layout_basic, cheibrodos_ashenzari_chains,
          nicolae_overflow_hidden_temple, minmay_temple_entry_gardened_gates,
          serial_bayou_ford_a, minmay_mini_ossuary
D:6:      layout_basic, portal_sewer_entry_f
D:7:      layout_cave_pools, gammafunk_temple_overflow_elements, serial_shops,
          nicolae_shop_waterfront

Skill      XL: |  1  2  3  4  5  6 |
---------------+-------------------+-----
Dodging        | 4 5 6 7 |  7.3
Fighting       | 3 4 |  4.0
Stealth        | 2 4 |  4.1
Invocations    | 2 3 |  3.2
Short Blades   | 3 |  3.0

Action                   |  1- 3 |  4- 6 |  7- 9 || total
-------------------------+-------+-------+-------++-------
Melee: Dagger            |   117 |   242 |    21 ||   380
       Short sword       |    12 |       |       ||    12
Throw: Dart              |       |    33 |       ||    33
Invok: Depart the Abyss  |     1 |       |       ||     1
Evoke: Wand              |     6 |     3 |       ||     9
  Use: Scroll            |     3 |     5 |       ||     8
       Potion            |     2 |     4 |     3 ||     9
 Stab: Sleeping          |     2 |     1 |       ||     3
Armor: Robe              |    18 |    15 |     2 ||    35
Dodge: Dodged            |   128 |   212 |    12 ||   352

Table legend:
 A = Non-vault XP
 B = Vault XP
 C = Vault XP percentage of total XP
 D = Non-vault monster count
 E = Vault monster count
 F = Vault count percentage of total count
                 A         B        C        D         E       F
            +---------+---------+-------+---------+---------+-------
      Total |     732 |      15 |   2.0 |      37 |       6 |  14.0
            +---------+---------+-------+---------+---------+-------
        D:1 |       6 |       0 |   0.0 |       4 |       0 |   0.0
        D:2 |       5 |       0 |   0.0 |       2 |       0 |   0.0
        D:3 |      24 |       0 |   0.0 |      13 |       0 |   0.0
        D:5 |       1 |       0 |   0.0 |       1 |       0 |   0.0
        D:6 |     696 |      15 |   2.1 |      17 |       6 |  26.1
            +---------+---------+-------+---------+---------+-------
